General information
- name: nigrsht
- type: Custom game
- host: JOHO.NOM
- saver: SMERB.COM.COM
map: TwistedMeadows
- players: 11
- length: 21:48
- speed: Fast
- version: 1.24 W3XP
- replay type: Public
» download(90 KB)
Players
team 1 (winner)
Q-veta (
pink | 123 APM | 2684 actions | 21:48)
7 Archmage
3 Summon Water Elemental
3 Brilliance Aura
1 Blizzard
5 Mountain King
3 Storm Bolt
2 Thunder Clap
» actions
| Assign group hotkey | 99 | |
| Basic commands | 158 | |
| Build / train | 123 | |
| ESC pressed | 2 | |
| Enter build submenu | 30 | |
| Enter hero's abilities submenu | 11 | |
| Right click | 871 | |
| Select / deselect | 648 | |
| Select group hotkey | 507 | |
| Use ability | 235 | |
2684 total
» units
| Peasant | 25 | |
| Footman | 9 | |
| Dragonhawk Rider | 3 | |
| Priest | 9 | |
| Gryphon Rider | 3 | |
| Knight | 3 | |
| Sorceress | 1 | |
53 total
» upgrades
| Defend | 1 | |
| Masonry | 2 | |
| Lumber Harvesting | 1 | |
| Swords | 2 | |
| Priest Training | 1 | |
| Animal War Training | 1 | |
| Long Rifles | 1 | |
9 total
» buildings
| Altar of Kings | 1 | |
| Barracks | 1 | |
| Farm | 10 | |
| Scout Tower | 8 | |
| Arcane Tower | 2 | |
| Arcane Vault | 1 | |
| Keep | 1 | |
| Lumber Mill | 1 | |
| Guard Tower | 9 | |
| Blacksmith | 1 | |
| Gryphon Aviary | 2 | |
| Town Hall | 1 | |
| Arcane Sanctum | 2 | |
| Castle | 1 | |
41 total
» build order
00:20 Altar of Kings
00:36 Barracks
00:50 Farm
01:05 Farm
01:43 Scout Tower
02:16 Arcane Tower
02:20 Farm
03:36 Arcane Vault
04:41 Keep
04:42 Lumber Mill
04:50 Farm
04:54 Farm
05:40 Scout Tower
06:14 Guard Tower
06:40 Blacksmith
07:59 Gryphon Aviary
08:05 Gryphon Aviary
08:07 Scout Tower
08:37 Guard Tower
08:59 Arcane Tower
08:59 Guard Tower
09:16 Scout Tower
09:19 Scout Tower
09:24 Town Hall
09:45 Guard Tower
09:48 Guard Tower
10:20 Arcane Sanctum
10:24 Arcane Sanctum
11:24 Farm
11:24 Farm
12:34 Farm
13:14 Castle
18:53 Scout Tower
18:54 Scout Tower
18:55 Scout Tower
19:51 Guard Tower
19:52 Guard Tower
20:14 Guard Tower
20:14 Guard Tower
20:50 Farm
20:51 Farm
» items
| Scroll of Regeneration | 4 | |
| Lesser Clarity Potion | 3 | |
| Ivory Tower | 3 | |
| Potion of Lesser Invulnerability | 2 | |
| Potion of Healing | 4 | |
| Potion of Mana | 2 | |
| Scroll of Town Portal | 1 | |
| Scroll of Healing | 2 | |
| Tome of Retraining | 1 | |
22 total
team 2 (loser)
SMERB.COM.COM (
purple | 135 APM | 2936 actions | 21:48)
5 Death Knight
3 Death Coil
2 Unholy Aura
3 Lich
2 Frost Nova
1 Frost Armor
» actions
| Assign group hotkey | 35 | |
| Basic commands | 176 | |
| Build / train | 67 | |
| ESC pressed | 3 | |
| Enter build submenu | 20 | |
| Enter hero's abilities submenu | 8 | |
| Give item / drop item | 2 | |
| Right click | 1210 | |
| Select / deselect | 389 | |
| Select group hotkey | 934 | |
| Use ability | 92 | |
2936 total
» units
| Acolyte | 3 | |
| Ghoul | 3 | |
| Crypt Fiend | 7 | |
| Meatwagon | 5 | |
| Necromancer | 6 | |
| Obsidian Statue | 1 | |
25 total
» upgrades
| Exhume Corpses | 1 | |
| Necromancer Training | 2 | |
| Skeletal Longevity | 1 | |
| Unholy Strength | 2 | |
| Web | 1 | |
| Skeletal Mastery | 1 | |
| Burrow | 1 | |
| Banshee Training | 1 | |
10 total
» buildings
| Graveyard | 1 | |
| Crypt | 1 | |
| Altar of Darkness | 1 | |
| Ziggurat | 7 | |
| Tomb of Relics | 1 | |
| Nerubian Tower | 2 | |
| Halls of the Dead | 1 | |
| Slaughterhouse | 1 | |
| Temple of the Damned | 1 | |
| Black Citadel | 1 | |
| Spirit Tower | 3 | |
| Sacrificial Pit | 1 | |
21 total
» build order
00:07 Graveyard
00:20 Crypt
00:47 Altar of Darkness
00:59 Ziggurat
01:31 Tomb of Relics
01:59 Ziggurat
02:35 Nerubian Tower
02:36 Nerubian Tower
04:17 Halls of the Dead
05:19 Ziggurat
06:33 Ziggurat
06:38 Slaughterhouse
06:40 Temple of the Damned
08:28 Black Citadel
09:14 Ziggurat
13:21 Spirit Tower
13:21 Spirit Tower
13:21 Spirit Tower
18:11 Ziggurat
18:12 Ziggurat
20:41 Sacrificial Pit
» items
| Rod of Necromancy | 5 | |
| Potion of Mana | 1 | |
| Orb of Corruption | 1 | |
| Potion of Lesser Invulnerability | 1 | |
| Potion of Invisibility | 1 | |
| Scroll of Healing | 1 | |
| Scroll of Protection | 2 | |
12 total
observersJOHO.NOM,
Dawkjars,
wombat7373,
JewishNeOrcHuso,
TehPactisSealed,
Stupidus,
BG_NO_RE_LOSERS,
C82l2,
r.s.t.l.n.e Chat log
(00:06 / All) Q-veta: smerbeck
(00:09 / All) SMERB.COM.COM: jawohl
(00:11 / All) Q-veta: i'll jizz on your face
(00:23 / All) SMERB.COM.COM: Youand I both know
(00:25 / All) SMERB.COM.COM: I'd like that.
(00:32 / All) Q-veta: that's why i'll do it
(00:40 / All) SMERB.COM.COM: So you're all about pleasing me now.
(00:48 / All) Q-veta: when have i not pleased you?
(00:53 / All) SMERB.COM.COM: Hah, hah hah.
(01:11 / All) SMERB.COM.COM: Low right.
(01:19 / All) Q-veta: that's what she said
(01:24 / All) SMERB.COM.COM: I presume so.
(02:11 / All) Q-veta: smerbeck
(02:14 / All) Q-veta: your mom is a classy lady
(02:17 / All) SMERB.COM.COM: more or less
(02:19 / All) SMERB.COM.COM: She's really young.
(02:21 / All) SMERB.COM.COM: mind you.
(03:00 / All) SMERB.COM.COM: based off
(03:01 / All) SMERB.COM.COM: peasant
(03:03 / All) SMERB.COM.COM: ujpper right.
(03:09 / All) SMERB.COM.COM: precision timing
(03:38 / All) SMERB.COM.COM: dunno creep patterns
(03:56 / All) Q-veta: that's alright chum
(04:12 / All) SMERB.COM.COM: wt
(04:13 / All) SMERB.COM.COM: 1
(04:53 / All) SMERB.COM.COM: wonder where the expo is
(04:56 / All) SMERB.COM.COM: huyrrrrr durudruedurd
(05:02 / All) Q-veta: we're friends
(05:04 / All) Q-veta: rember that
(05:13 / All) SMERB.COM.COM: and im horrible wrong
(05:14 / All) SMERB.COM.COM: LOL
(05:26 / All) SMERB.COM.COM: meh its up
(05:29 / All) SMERB.COM.COM: with 3 towers
(05:32 / All) SMERB.COM.COM: might as well next map
(06:23 / All) SMERB.COM.COM: wtf
(06:24 / All) SMERB.COM.COM: unfair
(06:49 / All) Q-veta: life's not fair you ugly nigger
(07:06 / All) SMERB.COM.COM: truth is im actually good looking, and i still have
(07:11 / All) SMERB.COM.COM: those pictures of you you fat fucking kike
(07:23 / All) Q-veta: i'm glad you do
(07:27 / All) Q-veta: that warms my heart
(07:42 / All) SMERB.COM.COM: aka its funny that some ugly mutt calls a proper man ugly
(07:52 / All) Q-veta: lol
(07:57 / All) SMERB.COM.COM: ;d
(08:44 / All) Q-veta: you seemed to like my underage classmates
(08:49 / All) SMERB.COM.COM: well sure
(08:51 / All) SMERB.COM.COM: i did.
(08:52 / All) SMERB.COM.COM: i still do
(09:04 / All) SMERB.COM.COM: i was 19, they were 17
(10:15 / All) SMERB.COM.COM: damn
(10:16 / All) SMERB.COM.COM: scouted
(10:19 / All) SMERB.COM.COM: ruh roh
(17:28 / All) SMERB.COM.COM: odd
(17:45 / All) Q-veta: i thought you'd necrowagon last game
(17:47 / All) SMERB.COM.COM: bolt too high level now, and expo means mass gryph
(17:48 / All) Q-veta: didn't expect it this one
(18:00 / All) SMERB.COM.COM: not sure what i can do, might as well call it, so make it quick
(18:18 / All) SMERB.COM.COM: ki;ling my mine was a nigger move
(21:47 / All) SMERB.COM.COM: g